 Dungeon Crawl Stone Soup version 0.28.0-53-g5a82cb258f (webtiles) character file.

Game seed: 18233067431406117534

687 Descartes the Chopper (level 7, -13/49 (50) HPs)
             Began as a Formicid Warper on Aug 13, 2022.
             Blown up by Ijyb (18 damage)
             ... with a mindburst bolt
             ... on level 5 of the Dungeon.
             The game lasted 00:12:33 (5679 turns).

Descartes the Chopper (Formicid Warper)             Turns: 5679, Time: 00:12:34

HP:   -13/49 (50)   AC: 12    Str: 24    XL:     7   Next: 94%
MP:   10/10         EV:  8    Int: 12    God:
Gold: 113           SH:  0    Dex: 10    Spells: 10/10 levels left

rFire   . . .      SeeInvis +   j - +0 halberd
rCold   . . .      Faith    .   (no shield)
rNeg    . . .      Spirit   .   h - +0 chain mail
rPois   .          Reflect  .   (helmet unavailable)
rElec   .          Harm     .   (no cloak)
rCorr   .          Rampage  .   m - +2 pair of gloves
Will    .....                   (no boots)
Stlth   ..........              i - amulet of magic regeneration
HPRegen 0.16/turn               p - +4 ring of slaying
MPRegen 0.52/turn               w - +6 ring of strength

@: brilliant, flying, lightly drained
A: permanent stasis, dig shafts and tunnels, antennae 3, four strong arms
a: Dig, Shaft Self


You were on level 5 of the Dungeon.
You visited 1 branch of the dungeon, and saw 6 of its levels.

You collected 113 gold pieces.

Inventory:

Hand Weapons
 a - a +0 hand axe
 b - a +0 vorpal spear
 d - a +0 mace
 j - a +0 halberd (weapon)
 v - a +2 dagger of venom
Missiles
 c - 5 boomerangs of dispersal (quivered)
 f - 130 stones
 t - 14 poisoned darts
Armour
 h - a +0 chain mail (worn)
 m - a +2 pair of gloves (worn)
Jewellery
 i - an amulet of magic regeneration (around neck)
 p - a +4 ring of slaying (left hand)
 w - a +6 ring of strength (right hand)
Wands
 o - a wand of digging (4)
Scrolls
 g - a scroll of amnesia
 l - 2 scrolls of identify
 q - a scroll of enchant weapon
 s - a scroll of vulnerability {unknown}
 u - a scroll of magic mapping {unknown}
Potions
 e - a potion of brilliance
 r - a potion of mutation


   Skills:
 - Level 2.1 Fighting
 * Level 2.6 Long Blades
 * Level 4.2(5.1) Axes
 * Level 2.6(3.8) Maces & Flails
 * Level 3.0(4.1) Polearms
 - Level 1.0 Throwing
 + Level 2.9 Armour
 - Level 1.7 Dodging
 + Level 2.9 Shields
 - Level 2.1 Spellcasting
 + Level 3.6 Translocations


You had 10 spell levels left.
You didn't know any spells.
Your spell library contained the following spells:

 Spells                   Type           Power      Damage    Failure   Level
 Apportation              Tloc           30%        N/A       41%         1
 Gell's Gravitas          Tloc           15%        N/A       80%         3
 Lesser Beckoning         Tloc           15%        N/A       80%         3
 Teleport Other           Tloc           15%        N/A       80%         3
 Animate Skeleton         Necr           2%         N/A       90%         1
 Summon Small Mammal      Summ           4%         N/A       90%         1
 Portal Projectile        Hex/Tloc       16%        N/A       96%         3
 Blade Hands              Tmut           0%         N/A       100%        5
 Excruciating Wounds      Necr           0%         N/A       100%        5
 Manifold Assault         Tloc           15%        N/A       100%        5
 Blink                    Tloc           Unusable   N/A       N/A         2

Dungeon Overview and Level Annotations

Branches:
Dungeon (6/15)
 Temple: D:4-7

Altars:

Shops:
D:2 (*(![   D:6 =

Annotations:
D:5 Ijyb


Innate Abilities, Weirdness & Mutations

You cannot be hasted, slowed, berserked, paralysed or teleported.
You can dig through walls and to a lower floor.
You have a pair of large antennae on your head. (SInv)
Your four strong arms can wield two-handed weapons with a shield.


Message History

The hound is almost dead.
The hound bites you.
* * * LOW HITPOINT WARNING * * *
The hound bites you but does no damage.
You closely miss the hound.
The hound is almost dead.
The hound bites you but does no damage. The hound bites you.
* * * LOW HITPOINT WARNING * * *
You slash the hound!
You kill the hound!
Ijyb zaps a wand.
You struggle to resist.
You closely miss Ijyb.
Ijyb is moderately wounded.
Ijyb zaps a wand.
You struggle to resist.
You closely miss Ijyb.
Ijyb is moderately wounded.
Ijyb screams, "You nasty!
Big nasty!"
Ijyb zaps a wand.
You struggle to resist.
You barely miss Ijyb.
Ijyb is moderately wounded.
Ijyb zaps a wand.
You struggle to resist.
You closely miss Ijyb.
Ijyb is lightly wounded.
Ijyb hits you with a +0 dagger.
* * * LOW HITPOINT WARNING * * *
Ijyb hits you but does no damage.
It was a potion of flight.
You feel very buoyant.
You fly up into the air.
Ijyb hits you but does no damage.
You miss Ijyb.
Ijyb is lightly wounded.
Ijyb hits you but does no damage.
As you read the scroll labelled BUOZOD BEGH, it crumbles to dust.
It is a scroll of identify.
q - a scroll of enchant weapon Ijyb hits you but does no damage.
As you read the scroll labelled OKLECEUCS, it crumbles to dust.
It is a scroll of amnesia.
You feel forgetful for a moment.
Ijyb zaps a wand.
Your mind is blasted!
You die...

.. ###.## #...
#.... ...###.#.#
............#
...........
l........
#...#.#.####.#
#...#{#og@...#
#...#lo#######
#...#.######
#.....).†..#
#.......####.#
######### #.#
#######......# #.#
).......####.# #.#
.#####..####.####.#


You could see Ijyb, an iguana, an orc wizard and an orc.

Vanquished Creatures
  Menkaure (D:6)
  A hornet zombie (D:6)
  An ogre (D:3)
  A kobold brigand (D:6)
  Blork the orc (D:5)
  A scorpion (D:5)
  A hound (D:5)
  An orc wizard (D:5)
  A hound skeleton (D:4)
  3 gnolls
  5 adders
  A worm (D:3)
  2 dart slugs
  5 orcs
  5 endoplasms
  3 giant cockroaches
  6 goblins
  5 hobgoblins
  3 quokkas (D:1)
  11 ball pythons
  2 bats
  7 frilled lizards
  8 kobolds
  5 rats
80 creatures vanquished.

Vanquished Creatures (others)
  6 plants (D:1)
6 creatures vanquished.

Grand Total: 86 creatures vanquished

Notes
Turn   | Place    | Note
-------+----------+-------------------------------------------
     0 | D:1      | Descartes the Formicid Warper began the quest for the Orb.
     0 | D:1      | Reached XP level 1. HP: 16/16 MP: 3/3
   370 | D:1      | Reached XP level 2. HP: 17/22 MP: 5/5
   848 | D:1      | Reached skill level 1 in Shields
  1036 | D:1      | Reached XP level 3. HP: 23/27 MP: 6/6
  2099 | D:1      | Reached XP level 4. HP: 9/33 MP: 7/7
  2337 | D:2      | Found Tituhy's Antique Armour Shoppe.
  2364 | D:2      | Found Wepsi's Antique Weapon Shoppe.
  2408 | D:2      | Reached skill level 3 in Axes
  2413 | D:2      | Reached skill level 1 in Polearms
  2509 | D:2      | Found Holasoka's Weapon Shop.
  2600 | D:2      | Found Enwid's Distillery.
  2752 | D:2      | Found Qoerurgh's General Store.
  3023 | D:3      | Noticed an ogre
  3027 | D:3      | Killed an ogre
  3028 | D:3      | Reached XP level 5. HP: 24/38 MP: 8/8
  3184 | D:3      | Reached skill level 1 in Long Blades
  3217 | D:3      | Reached skill level 1 in Maces & Flails
  3592 | D:3      | Reached XP level 6. HP: 22/40 MP: 9/9
  4671 | D:4      | You fall into a shaft and drop 2 floors!
  4671 | D:6      | Found Gumorid's Jewellery Shop.
  4676 | D:6      | Noticed Menkaure
  4707 | D:6      | Killed Menkaure
  4708 | D:6      | Reached XP level 7. HP: 2/50 MP: 10/10
  5268 | D:6      | Noticed a steam dragon
  5271 | D:5      | Entered Level 5 of the Dungeon
  5308 | D:5      | Reached skill level 4 in Axes
  5480 | D:5      | Noticed Blork the orc
  5489 | D:5      | Killed Blork the orc
  5647 | D:5      | Noticed Ijyb
  5663 | D:5      | Gained mutation: You sometimes lose the ability to read
                  | scrolls when taking damage. [potion of mutation]
  5663 | D:5      | Gained mutation: You are dopey. (Int -2) [potion of
                  | mutation]
  5663 | D:5      | Lost mutation: You sometimes lose the ability to read
                  | scrolls when taking damage. [potion of mutation]
  5663 | D:5      | Lost mutation: You are dopey. (Int -2) [potion of mutation]
  5679 | D:5      | Blown up by Ijyb

Illustrated notes

Levels and vault maps discovered:
D:1:      dpeg_arrival_simpleton_c, layout_basic, chequers_big_river
D:2:      layout_loops_cross, serial_shops, nicolae_lakefront_shop,
          nicolae_shop_advertising_works [nicolae_subvault_shop_adworks],
          nicolae_diamond_shop, shop, nicolae_shop_trees
D:3:      layout_rooms, minmay_fractal_squares_5
D:4:      layout_loops_corners
D:5:      layout_loops_cross, uniq_ijyb, uniq_blork_the_orc
D:6:      layout_rooms, serial_shops, shop, uniq_sigmund, uniq_edmund,
          uniq_menkaure

Skill      XL: |  1  2  3  4  5  6  7 |
---------------+----------------------+-----
Shields        | 1 2 |  2.9
Translocations | 3 |  3.6
Axes           | 3 4 |  4.2
Polearms       | 1 2 3 |  3.0
Armour         | 2 |  2.9
Long Blades    | 1 2 |  2.6
Maces & Flails | 1 2 |  2.6
Fighting       | |  2.1
Throwing       | |  1.0
Dodging        | |  1.7
Spellcasting   | |  2.1

Action                   |  1- 3 |  4- 6 |  7- 9 || total
-------------------------+-------+-------+-------++-------
Melee: Hand axe          |   109 |       |       ||   109
       Spear             |    41 |       |       ||    41
       Punch             |     1 |       |       ||     1
       Halberd           |       |   123 |    55 ||   178
 Abil: Dig               |       |     2 |     1 ||     3
  Use: Potion            |       |     1 |     4 ||     5
       Scroll            |       |       |     2 ||     2
Armor: Leather armour    |    21 |       |       ||    21
       Chain mail        |    51 |    70 |    45 ||   166
Dodge: Dodged            |    69 |    38 |    21 ||   128
